 Dungeon Crawl Stone Soup version 0.30-a0-55-g90e3122c3a (webtiles) character file.

Game seed: 4800278623355614690

1182 IdlyInterested the Cutter (level 8, -1/50 (57) HPs)
             Began as a Demonspawn Wanderer on Sept 9, 2022.
             Slain by a wight
             ... wielding a +0 halberd
              (4 damage)
             ... on level 6 of the Dungeon.
             The game lasted 00:24:35 (6607 turns).

IdlyInterested the Cutter (Demonspawn Wanderer)     Turns: 6607, Time: 00:24:37

HP:   -1/50 (57)    AC:  7    Str:  7    XL:     8   Next: 19%
MP:   10/11         EV: 12    Int: 19    God:
Gold: 101           SH:  4    Dex: 21    Spells: 7/11 levels left

rFire   . . .      SeeInvis .    a - +2 short sword
rCold   . . .      Faith    .    (no shield)
rNeg    . . .      Spirit   .    i - +0 robe of Beauty {Int+4}
rPois   .          Reflect  .    e - +2 helmet
rElec   .          Harm     .    b - +0 cloak
rCorr   .          Rampage  .    (no gloves)
Will    .....                    (no boots)
Stlth   +++.......               (no amulet)
HPRegen 0.16/turn                j - ring of flight
MPRegen 0.12/turn                (no ring)

@: flying, hasted, heavily drained, very quick
A: demonic guardian 1, sharp scales 1, condensation shield, demonic touch 1,
agile 1
a: no special abilities


You were on level 6 of the Dungeon.
You visited 1 branch of the dungeon, and saw 6 of its levels.
You also visited: Ossuary.

You collected 473 gold pieces.
You spent 372 gold pieces at shops.

Inventory:

Hand Weapons
 a - a +2 short sword (weapon)
 H - a +0 rapier
Missiles
 y - 3 poisoned darts
Armour
 b - a +0 cloak (worn)
 e - a +2 helmet (worn)
 i - the +0 robe of Beauty (worn) {Int+4}
   (You found it on level 3 of the Dungeon)

   Int:       It affects your intelligence (+4).
 x - a +3 ring mail of cold resistance
 C - an orb of mayhem
 D - a +1 hat
Jewellery
 j - a ring of flight (left hand)
 n - a ring of flight
Wands
 w - a wand of polymorph (11)
 E - a wand of flame (16)
Scrolls
 c - 7 scrolls of teleportation
 h - 2 scrolls of butterflies
 k - 5 scrolls of enchant weapon
 l - 2 scrolls of blinking {unknown}
 m - a scroll of silence {unknown}
 p - 2 scrolls of fear
 v - a scroll of magic mapping {unknown}
 A - a scroll of amnesia {unknown}
 B - 3 scrolls of immolation
 F - 2 scrolls of poison
Potions
 f - 2 potions of attraction
 o - a potion of flight
 q - 6 potions of curing
 r - 2 potions of magic
 s - a potion of ambrosia
 t - a potion of resistance
 u - a potion of mutation
 z - a potion of haste
 I - 2 potions of might {unknown}


   Skills:
 + Level 2.7 Fighting
 + Level 6.4 Short Blades
 - Level 1.0 Armour
 + Level 1.6 Dodging
 - Level 4.0 Stealth
 - Level 2.0 Unarmed Combat
 - Level 2.0 Spellcasting
 - Level 3.0 Conjurations
 - Level 3.0 Air Magic
 - Level 3.0 Poison Magic


You had 7 spell levels left.
You knew the following spells:

 Your Spells              Type           Power      Damage    Failure   Level
a - Shock                 Conj/Air       52%        1d6       4%          1
b - Mephitic Cloud        Conj/Pois/Air  13%        N/A       14%         3

Your spell library contained the following spells:

 Spells                   Type           Power      Damage    Failure   Level
 Sandblast                Erth           2%         2d4       17%         1
 Passwall                 Tmut/Erth      0%         N/A       26%         2
 Stone Arrow              Conj/Erth      14%        3d7       26%         3
 Gell's Gravitas          Tloc           1%         N/A       45%         3
 Lesser Beckoning         Tloc           1%         N/A       45%         3
 Teleport Other           Tloc           1%         N/A       45%         3


Dungeon Overview and Level Annotations

Branches:
Dungeon (6/15)            Ossuary (visited)
 Temple: D:4-7

Altars:

Shops:
D:1 :   D:2 (??


Innate Abilities, Weirdness & Mutations

A weak demonic guardian rushes to your aid.
You are partially covered in razor-sharp scales. (AC +1, Slay +1)
A meltable shield of frost defends you. (SH +4)
Your touch may inflict minor irresistible damage on your foes.
You are agile. (Dex +4, Str/Int -1)


Message History

Aim: a wight, wielding a +4 hand axe and wearing a +0 robe (heavily damaged, ally target, not susceptible)
Okay, then.
You feel much better.
Your ufetubus barely misses the wight.
Your ufetubus hits the wight but does no damage.
The wight hits your ufetubus with a +4 hand axe!
Your ufetubus dies!
Your ufetubus disappears in a puff of smoke!
You feel yourself speed up.
You hit the wight. You punch the wight, but do no damage.
The wight is heavily damaged.
You hit the wight.
You touch the wight!
The wight is almost destroyed.
You hit the wight.
The wight is almost destroyed.
The wight closely misses you. The wight hits you with a +2 hand axe.
You feel drained.
You closely miss the wight. Your touch misses the wight.
The wight is almost destroyed.
You hit the wight.
You destroy the wight!
The wight misses you.
You hit the wight but do no damage. Your touch misses the wight.
The wight is heavily damaged.
You barely miss the wight. You punch the wight, but do no damage.
The wight is heavily damaged.
The wight hits you from afar with a +4 spear of freezing!
You feel drained. The wight freezes you. You block the wight's attack.
You hit the wight but do no damage. Your touch misses the wight.
The wight is heavily damaged.
You barely miss the wight.
You touch the wight!
You destroy the wight!
The wight barely misses you.
You closely miss the wight. Your touch misses the wight.
You barely miss the wight.
The wight hits you from afar with a +4 spear of freezing!
* * * LOW HITPOINT WARNING * * *
A demonic guardian appears!
The wight freezes you.
* * * LOW HITPOINT WARNING * * *
The wight hits you with a +0 halberd.
You die...

.o ... .## .. .. #
# #. .. #. . #.#.#.
##.###.. #.#...
.#..#. ...
#....##.....##...
##.)zz#..#......
#..@#.#.........
#.....##zz........
#..5..##z#........
#..###..#..........
... #....)........
.. ^............###
. .?.........###
....##....## ....
......


You could see 2 wights and a friendly white imp (summoned).

Vanquished Creatures
  A water moccasin (D:5)
  Duvessa (D:5)
  A phantom (D:4)
  2 scorpions (D:5)
  3 wights (D:6)
  Dowan (D:5)
  A howler monkey (D:5)
  3 jellies
  A hound (D:5)
  An orc wizard (D:5)
  8 mummies (Ossuary)
  3 gnolls (D:5)
  5 adders
  A worm (D:2)
  7 dart slugs
  6 orcs
  8 endoplasms
  2 giant cockroaches (D:1)
  8 hobgoblins
  3 kobolds
  8 quokkas
  9 ball pythons
  8 bats
  A frilled lizard (D:1)
  5 goblins
  2 hobgoblin zombies (Ossuary)
  5 kobold zombies (Ossuary)
  An orc zombie (Ossuary)
  4 rats
109 creatures vanquished.

Vanquished Creatures (collateral kills)
  An ogre (D:5)
  Ijyb (D:3)
2 creatures vanquished.

Grand Total: 111 creatures vanquished

Notes
Turn   | Place    | Note
-------+----------+-------------------------------------------
     0 | D:1      | IdlyInterested the Demonspawn Wanderer began the quest for
                  | the Orb.
     0 | D:1      | IdlyInterested set off with the following items: a +2 short
                  | sword, a +0 cloak, a scroll of teleportation, a +0 robe;
                  | and the following spell memorised: Shock; and the following
                  | spells available to memorise: Mephitic Cloud.
     0 | D:1      | Reached XP level 1. HP: 13/13 MP: 2/2
   255 | D:1      | Gained mutation: You are partially covered in razor-sharp
                  | scales. (AC +1, Slay +1) [demonic ancestry]
   255 | D:1      | Reached XP level 2. HP: 18/20 MP: 3/3
   258 | D:1      | Reached skill level 1 in Conjurations
   590 | D:1      | Found Avos's Book Emporium.
   607 | D:1      | HP: 1/20 [frozen (3)]
   609 | D:1      | Reached skill level 1 in Fighting
   935 | D:1      | Reached XP level 3. HP: 26/26 MP: 4/4
  1412 | D:2      | Found Jupsips's Magic Scroll Shop.
  1547 | D:2      | Found Zaniz's Antique Weapon Boutique.
  1685 | D:2      | Found Riogia's Magic Scroll Shop.
  2328 | D:2      | Gained mutation: A weak demonic guardian rushes to your
                  | aid. [demonic ancestry]
  2328 | D:2      | Reached XP level 4. HP: 32/32 MP: 5/5
  2569 | D:2      | Bought a scroll of noise for 13 gold pieces
  2613 | D:2      | Bought a scroll of identify for 20 gold pieces
  3072 | D:3      | Noticed Ijyb
  3093 | D:3      | Killed Ijyb
  3351 | D:3      | Identified the +0 robe of Beauty {Int+4}
  3616 | D:2      | Bought a scroll of identify for 26 gold pieces
  3617 | D:2      | Bought a scroll of identify for 26 gold pieces
  3712 | D:4      | Found a sand-covered staircase.
  3759 | Ossuary  | Entered an ossuary
  3858 | Ossuary  | Learned a level 3 spell: Mephitic Cloud
  3891 | Ossuary  | Reached skill level 5 in Short Blades
  3891 | Ossuary  | Gained mutation: Your touch may inflict minor irresistible
                  | damage on your foes. [demonic ancestry]
  3891 | Ossuary  | Reached XP level 5. HP: 18/38 MP: 1/6
  4000 | Ossuary  | Reached skill level 1 in Poison Magic
  4564 | D:4      | Noticed a phantom
  4585 | D:4      | Killed a phantom
  4586 | D:4      | Gained mutation: A meltable shield of frost defends you.
                  | (SH +4) [demonic ancestry]
  4586 | D:4      | Reached XP level 6. HP: 24/44 MP: 8/8
  5130 | D:2      | Bought a scroll of butterflies for 40 gold pieces
  5130 | D:2      | Bought 2 scrolls of identify for 40 gold pieces
  5130 | D:2      | Bought a scroll of immolation for 40 gold pieces
  5130 | D:2      | Bought a scroll of poison for 40 gold pieces
  5172 | D:2      | Bought a scroll of fear for 52 gold pieces
  5214 | D:2      | Bought a scroll of enchant weapon for 75 gold pieces
  5216 | D:2      | Gained mutation: You are agile. (Dex +4, Str/Int -1)
                  | [potion of mutation]
  5286 | D:5      | Entered Level 5 of the Dungeon
  5495 | D:5      | Reached XP level 7. HP: 50/50 MP: 10/10
  5537 | D:5      | Reached skill level 1 in Unarmed Combat
  5550 | D:5      | Noticed Dowan
  5552 | D:5      | Noticed Duvessa
  5572 | D:5      | Killed Dowan
  5575 | D:5      | Killed Duvessa
  5576 | D:5      | Reached skill level 6 in Short Blades
  6149 | D:5      | Reached skill level 1 in Dodging
  6149 | D:5      | Reached XP level 8. HP: 35/56 MP: 11/11
  6607 | D:6      | Slain by a wight

Illustrated notes

Levels and vault maps discovered:
D:1:      tarquinn_simple_flora_water_f, layout_loops_ring, serial_shops,
          nicolae_shop_statue_plus, minmay_misc_feat_diagonals
D:2:      layout_basic, serial_shops, shop_fountains, shop_scrolls,
          nicolae_square_shop, minmay_cut_off
D:3:      layout_basic, uniq_ijyb
D:4:      layout_basic, nicolae_ossuary_entry_ruins
D:5:      layout_loops_ring, uniq_duvessa
D:6:      layout_layer_cave, minmay_temple_entry_nine_rooms, chequers_jeans,
          nicolae_elevator_lobby_plus, uniq_grinder

Skill      XL: |  1  2  3  4  5  6  7  8 |
---------------+-------------------------+-----
Stealth        | 2 3 4 |  4.0
Conjurations   | 1 2 3 |  3.0
Fighting       | 1 2 |  2.7
Short Blades   | 5 6 |  6.4
Air Magic      | 2 3 |  3.0
Poison Magic   | 2 3 |  3.0
Spellcasting   | 2 |  2.0
Unarmed Combat | 2 |  2.0
Dodging        | 1 |  1.6
Armour         | |  1.0

Action                   |  1- 3 |  4- 6 |  7- 9 || total
-------------------------+-------+-------+-------++-------
Melee: Short sword       |   110 |   162 |    54 ||   326
       Punch             |     1 |     2 |     3 ||     6
       Unarmed           |       |    15 |       ||    15
       Touch             |       |    20 |     8 ||    28
 Cast: Shock             |    11 |     8 |     6 ||    25
       Mephitic Cloud    |       |       |     3 ||     3
  Use: Scroll            |       |    10 |     1 ||    11
       Potion            |       |     3 |     4 ||     7
 Stab: Sleeping          |     6 |    11 |     2 ||    19
       Invisible         |       |     4 |     1 ||     5
       Confused          |       |       |     2 ||     2
Armor: Leather armour    |    25 |     2 |       ||    27
       Ring mail         |       |    42 |       ||    42
       Skin              |       |     6 |       ||     6
       Robe              |       |     3 |    11 ||    14
Dodge: Dodged            |    49 |    52 |    16 ||   117
Block: Other             |       |     2 |     8 ||    10

Table legend: (Time is in decaauts)
 A = Elapsed time spent in this place.
 B = Non-inter-level travel time spent in this place.
 C = Inter-level travel time spent in this place.
 D = Time resting spent in this place.
 E = Time spent auto-exploring this place.
 F = Levels seen in this place.
 G = Mean time per level.
                   A        B        C        D        E       F      G
               +--------+--------+--------+--------+--------+-----+--------+
         Total |   6554 |   5471 |   1083 |   1127 |   3035 |   7 |  936.3 |
       Dungeon |   6009 |   4926 |   1083 |   1002 |   2799 |   6 | 1001.5 |
       Ossuary |    544 |    544 |      0 |    125 |    236 |   1 |  544.0 |
               +--------+--------+--------+--------+--------+-----+--------+

Top non-repeatable levels by time:
     D:2: 1564 daAuts
     D:1: 1497 daAuts
     D:5: 1199 daAuts
     D:3: 896 daAuts
     D:4: 822 daAuts
 Ossuary: 544 daAuts
     D:6: 29 daAuts
